 Dungeon Crawl Stone Soup version 0.24.0-1-gfbc8707122 (webtiles) character file.

Game seed: 3779374490061631469, levelgen mode: deterministic

56 Masnef the Cudgeler (level 3, -4/21 HPs)
             Began as a Tengu Skald on Oct 27, 2019.
             Slain by a worker ant (6 damage)
             ... on level 2 of the Dungeon.
             The game lasted 00:02:26 (1707 turns).

Masnef the Cudgeler (Tengu Skald)                   Turns: 1707, Time: 00:02:27

Health: -4/21      AC:  3    Str: 11    XL:     3   Next: 97%
Magic:  1/7        EV: 12    Int: 14    God:
Gold:   28         SH:  0    Dex: 13    Spells: 3/6 levels left

rFire    . . .     SeeInvis .   a - +0 mace
rCold    . . .     Gourm    .   (no shield)
rNeg     . . .     Faith    .   b - +0 leather armour
rPois    .         Spirit   .   (helmet restricted)
rElec    .         Reflect  .   (no cloak)
rCorr    .         Harm     .   (no gloves)
MR       .....                  (boots unavailable)
Stlth    +.........             (no amulet)
HPRegen  0.07/turn              (no ring)
MPRegen  0.10/turn              (no ring)

@: infused, very slightly contaminated
A: beak, talons 3
a: no special abilities


You were on level 2 of the Dungeon.
You were not hungry.

You visited 1 branch of the dungeon, and saw 2 of its levels.

You collected 28 gold pieces.

Inventory:

Hand Weapons
 a - a +0 mace (weapon)
Armour
 b - a +0 leather armour (worn)
Scrolls
 e - a scroll of random uselessness {unknown}
 f - a scroll of immolation {unknown}
 g - a scroll of enchant armour {unknown}
Comestibles
 d - 3 rations


   Skills:
 + Level 2.1 Fighting
 * Level 3.2 Maces & Flails
 - Level 1.1 Armour
 + Level 2.2 Dodging
 + Level 2.3 Spellcasting
 + Level 2.9 Charms
 * Level 0.9 Translocations


You had 3 spell levels left.
You knew the following spells:

 Your Spells              Type           Power        Failure   Level  Hunger
a - Infusion              Chrm           #...         10%         1    #......
b - Shroud of Golubria    Chrm/Tloc      #.....       22%         2    ###....

Your spell library contained the following spells:

 Spells                   Type           Power        Failure   Level  Hunger
 Song of Slaying          Chrm           #.......     14%         2    ###....
 Regeneration             Chrm/Necr      #.........   45%         3    ###....
 Spectral Weapon          Hex/Chrm       #.......     45%         3    ###....


Dungeon Overview and Level Annotations

Branches:
Dungeon (2/15)

Altars:


Innate Abilities, Weirdness & Mutations

You have a beak for a mouth.
You have claws for feet.


Message History

The worker ant bites you.
* * * LOW HITPOINT WARNING * * *
You feel better. The worker ant closely misses you.
You hit the worker ant. Your kick misses the worker ant.
The worker ant is heavily wounded.
The worker ant bites you!
* * * LOW HITPOINT WARNING * * *
You closely miss the worker ant. Your kick misses the worker ant.
The worker ant is heavily wounded.
The worker ant misses you. The worker ant bites you.
* * * LOW HITPOINT WARNING * * *
You closely miss the worker ant.
You peck the worker ant, but do no damage.
The worker ant is heavily wounded.
The worker ant bites you.
* * * LOW HITPOINT WARNING * * *
You hit the worker ant.
The worker ant is severely wounded.
The worker ant bites you.
You die...

################..≈..≈..
#..>..............#
....#.###########.####
....#.# #...........#
#..##.# #.##..#(.#..#
...##.# #..#..#..#
#.....# # #..÷.....#
...#### ....#..#.##..#
#.## .........@# ..# #)#
..........a...... #.#
.....####.#...### #(####
..... #.##### .....#
#### #.# #.##.# #.#
...#.# #.. .#.#.# ###
.....#########


You could see a worker ant.

Vanquished Creatures
  2 adders (D:2)
  A worm (D:2)
  A dart slug (D:1)
  2 ball pythons (D:1)
  6 bats
  8 goblins
  2 hobgoblins (D:1)
  3 jackals (D:1)
  A kobold (D:1)
  4 rats
30 creatures vanquished.

Notes
Turn   | Place    | Note
-------+----------+-------------------------------------------
     0 | D:1      | Masnef the Tengu Skald began the quest for the Orb.
     0 | D:1      | Reached XP level 1. HP: 12/12 MP: 4/4
   320 | D:1      | Reached skill level 3 in Maces & Flails
   320 | D:1      | Reached XP level 2. HP: 16/17 MP: 6/6
   324 | D:1      | Learned a level 2 spell: Shroud of Golubria
   866 | D:1      | Reached XP level 3. HP: 21/21 MP: 5/7
  1674 | D:2      | Found a faded altar of an unknown god.
  1707 | D:2      | Slain by a worker ant

Levels and vault maps discovered:
D:1:      wheals_arrival_linesprint, layout_basic
D:2:      layout_loops_cross, chequers_ecumenical_altar_island,
          kennysheep_nondescript

Skill      XL: |  1 |
---------------+----+-----
Maces & Flails | 3 |  3.2
Fighting       | |  2.1
Armour         | |  1.1
Dodging        | |  2.2
Spellcasting   | |  2.3
Charms         | |  2.9
Translocations | |  0.9

Action                   || total
-------------------------++-------
Melee: Mace              ||    74
       Kick              ||    15
       Peck              ||    12
 Cast: Infusion          ||    10
       Shroud of Golubri ||     6
  Use: Potion            ||     2
  Eat: Chunk             ||     3
Armor: Leather armour    ||    28
Dodge: Dodged            ||    61
